 Dungeon Crawl Stone Soup version 0.23.1-37-gaa34b87b72 (webtiles) character file.

Game seed: 7494754776061661709

508 Lusmu the Cudgeler (level 6, -2/72 HPs)
             Began as a Demonspawn Gladiator on Mar 24, 2019.
             Was an Initiate of Makhleb.
             Slain by an ogre
             ... wielding a +0 giant club
              (8 damage)
             ... on level 5 of the Dungeon.
             The game lasted 00:16:51 (5513 turns).

Lusmu the Cudgeler (Demonspawn Gladiator)           Turns: 5513, Time: 00:16:52

Health: -2/72      AC: 23    Str: 16    XL:     6   Next: 98%
Magic:  6/6        EV:  2    Int: 10    God:    Makhleb [......]
Gold:   272        SH:  0    Dex: 14    Spells: 5/5 levels left

rFire    . . .     SeeInvis +   a - +0 flail
rCold    . . .     Gourm    .   (no shield)
rNeg     + + +     Faith    .   (armour currently unavailable)
rPois    +         Spirit   .   (helmet currently unavailable)
rElec    .         Reflect  .   (cloak currently unavailable)
rCorr    .         Harm     .   (gloves currently unavailable)
MR       .....     NoTele   +   (boots currently unavailable)
Stlth    +++.......             (no amulet)
HPRegen  0.22/turn              e - ring of see invisible
MPRegen  0.10/turn              (no ring)

@: tree-form
A: nightstalker 1
a: Renounce Religion


You were on level 5 of the Dungeon.
You worshipped Makhleb.
Makhleb was noncommittal.
You were not hungry.
You were a tree.
You visited 2 branches of the dungeon, and saw 6 of its levels.

You collected 272 gold pieces.

Inventory:

Hand Weapons
 a - a +0 flail (weapon)
Missiles
 d - 3 throwing nets (quivered)
 n - 7 needles of sleeping
Armour
 b - a +0 leather armour (melded)
 c - a +0 helmet (melded)
 l - a +0 cloak (melded)
 o - a +0 pair of boots (melded)
 t - a +0 ring mail
Jewellery
 e - a ring of see invisible (left branch)
Wands
 s - a wand of random effects (8)
Scrolls
 i - 3 scrolls of remove curse
 k - a scroll of blinking
 q - a scroll of enchant weapon {unknown}
 r - a scroll of amnesia {unknown}
 u - a scroll of teleportation
 v - a scroll of holy word {unknown}
Potions
 g - a potion of haste
 h - a potion of curing
 j - a potion of berserk rage {unknown}
 m - a potion of lignification
 p - a potion of ambrosia {unknown}
Comestibles
 f - 6 rations
 w - 6 chunks of flesh


   Skills:
 + Level 4.3 Fighting
 + Level 4.4 Maces & Flails
 - Level 3.0 Throwing
 - Level 2.6 Dodging
 + Level 3.7 Stealth


You had 5 spell levels left.
You didn't know any spells.
Your spell library was empty.

Dungeon Overview and Level Annotations

Branches:
Dungeon (5/15)             Temple (1/1) D:5

Altars:
Ashenzari
Cheibriados
Dithmenos
Elyvilon
Fedhas
Hepliaklqana
Kikubaaqudgha
Makhleb
Okawaru
Qazlal
Ru
Sif Muna
Trog
Uskayaw
Vehumet
Wu Jian
Xom
Yredelemnul
Zin
The Shining One

Annotations:
D:2 Sigmund


Innate Abilities, Weirdness & Mutations

((You have very sharp fingernails.))
You are slightly more attuned to the shadows.


Message History

Okay, then.
Okay, then.
It was a potion of lignification.
You turn into a tree.
Your +0 cloak melds into your body.
Your +0 helmet melds into your body.
Your +0 pair of boots melds into your body.
Your +0 leather armour melds into your body.
Your roots penetrate the ground.
You hit the ogre.
The ogre is heavily wounded.
You feel sick.
You are no longer poisoned.
The ogre hits you with a +0 giant club.
* * * LOW HITPOINT WARNING * * *
You hit the ogre.
The ogre is severely wounded.
The ogre hits you but does no damage.
You closely miss the ogre.
The ogre is severely wounded.
The ogre hits you with a +0 giant club!
You die...

.# # ..#.#
#.#.# #...#
#...#
#.#####.^.#
#.....♣O..##
#..####.#..#
# #.##.#####
#........#
####.#...#
#.#...#
####.....#
##########
#.......##
#........#
#.###..##


You could see an ogre.

Vanquished Creatures
  An ogre (D:4)
  A centaur (D:5)
  A centaur zombie (D:3)
  2 orc priests (D:4)
  A worker ant (D:5)
  Natasha (D:2)
  An iguana (D:4)
  3 gnolls (D:3)
  8 adders
  An adder skeleton (D:4)
  A worm (D:3)
  2 dart slugs
  8 orcs
  3 ball pythons
  10 bats
  4 giant cockroaches
  6 goblins
  6 hobgoblins
  6 kobolds
  A quokka (D:5)
  7 frilled lizards
  5 rats
79 creatures vanquished.

Notes
Turn   | Place    | Note
-------+----------+-------------------------------------------
     0 | D:1      | Lusmu the Demonspawn Gladiator began the quest for the Orb.
     0 | D:1      | Reached XP level 1. HP: 16/16 MP: 1/1
   306 | D:1      | Gained mutation: You are slightly more attuned to the
                  | shadows. [demonic ancestry]
   306 | D:1      | Reached XP level 2. HP: 13/22 MP: 2/2
   752 | D:1      | Reached skill level 1 in Stealth
  1054 | D:2      | Noticed a +0 dagger
  1055 | D:2      | Noticed a +0 hand axe
  1059 | D:2      | Found a hide-covered altar of Uskayaw.
  1421 | D:2      | Reached XP level 3. HP: 18/28 MP: 3/3
  1563 | D:2      | Noticed Sigmund
  1731 | D:2      | Found an ornate altar of the Wu Jian Council.
  1787 | D:2      | Found a shadowy altar of Dithmenos.
  1891 | D:2      | Found a sacrificial altar of Ru.
  1891 | D:2      | Noticed Natasha
  1901 | D:2      | Killed Natasha
  1901 | D:2      | Gained mutation: You have sharp fingernails. [demonic
                  | ancestry]
  1901 | D:2      | Reached XP level 4. HP: 21/34 MP: 4/4
  2361 | D:3      | You fall through a shaft for 2 floors!
  2361 | D:5      | Entered Level 5 of the Dungeon
  2361 | D:5      | Found a staircase to the Ecumenical Temple.
  2362 | D:5      | Noticed a centaur
  2362 | D:5      | Noticed an ogre
  2368 | D:5      | Found a blossoming altar of Fedhas.
  2791 | D:4      | Gained mutation: You have very sharp fingernails. [demonic
                  | ancestry]
  2791 | D:4      | Reached XP level 5. HP: 41/41 MP: 5/5
  3718 | D:3      | Found a deep blue altar of Sif Muna.
  4499 | D:4      | Noticed an ogre
  4526 | D:4      | Killed an ogre
  4526 | D:4      | Reached XP level 6. HP: 39/48 MP: 6/6
  5194 | Temple   | Entered the Ecumenical Temple
  5364 | Temple   | Became a worshipper of Makhleb the Destroyer
  5513 | D:5      | Slain by an ogre

Skill      XL: |  1  2  3  4  5  6 |
---------------+-------------------+-----
Throwing       | 2 3 |  3.0
Stealth        | 1 2 3 |  3.7
Maces & Flails | 3 4 |  4.4
Fighting       | 3 4 |  4.3
Dodging        | |  2.6

Action                   |  1- 3 |  4- 6 || total
-------------------------+-------+-------++-------
Melee: Flail             |   129 |   217 ||   346
Throw: Throwing net      |     8 |       ||     8
Evoke: Wand              |       |     4 ||     4
  Use: Scroll            |     1 |     6 ||     7
       Potion            |     1 |     1 ||     2
 Stab: Sleeping          |    10 |    11 ||    21
       Held in net/web   |     1 |       ||     1
  Eat: Chunk             |     1 |    11 ||    12
       Ration            |     1 |       ||     1
Armor: Leather armour    |    45 |    61 ||   106
       Skin              |       |     1 ||     1
Dodge: Dodged            |   116 |   151 ||   267
